 Dungeon Crawl Stone Soup version 0.19-a0-1206-g6bcb79c (webtiles) character file.

119 IVIUSE the Grave Robber (level 4, -4/30 HPs)
             Began as a Demonspawn Necromancer on Aug 21, 2016.
             Slain by Sigmund
             ... wielding a +0 scythe
              (6 damage)
             ... on level 3 of the Dungeon.
             The game lasted 00:17:42 (1903 turns).

IVIUSE the Grave Robber (Demonspawn Necromancer)    Turns: 1903, Time: 00:17:43

Health: -4/30      AC:  2    Str:  6 (8)  XL:     4   Next: 73%
Magic:  5/9        EV: 12    Int: 20 (23) God:
Gold:   99         SH:  0    Dex: 10 (13) Spells: 3 memorised, 2 levels left

rFire  . . .     SeeInvis .     (no weapon)
rCold  . . .     Gourm    .     a - +0 robe
rNeg   . . .     Faith    +     (no shield)
rPois  .         Spirit   .     (no helmet)
rElec  .         Dismiss  .     (no cloak)
rCorr  .         Reflect  .     (no gloves)
MR     .....     Harm     .     (no boots)
Stlth  ++........               f - amulet of faith
                                (no ring)
                                (no ring)

@: brilliant, exhausted, flying, slowed, very slow
A: claws 1
a: no special abilities


You were on level 3 of the Dungeon.
You were not hungry.

You visited 1 branch of the dungeon, and saw 3 of its levels.

You collected 99 gold pieces.

Inventory:

Armour
 a - a +0 robe (worn)
Jewellery
 f - an amulet of faith (around neck)
Scrolls
 g - a scroll of identify {unknown}
 h - a scroll of fog
 i - 2 scrolls of noise
 j - a scroll of remove curse
 n - 2 scrolls of teleportation {unknown}
 q - 2 scrolls of enchant weapon {unknown}
Potions
 d - 2 potions of degeneration
Books
 b - a book of Necromancy

   Spells                             Type                      Level
   a - Pain                           Necromancy                   1
   b - Animate Skeleton               Necromancy                   1
   c - Vampiric Draining              Necromancy                   3
   d - Regeneration                   Charms/Necromancy            3
   e - Animate Dead                   Necromancy                   4
   f - Control Undead                 Necromancy                   4
Comestibles
 c - 3 bread rations
 k - 2 slices of pizza
 p - a meat ration
 s - 3 fruits


   Skills:
 + Level 1.8 Dodging
 + Level 2.0 Stealth
 + Level 3.5 Spellcasting
 + Level 5.5 Necromancy


You had 2 spell levels left.
You knew the following spells:

 Your Spells              Type           Power        Failure   Level  Hunger
a - Pain                  Necr           ####         1%          1    None
b - Animate Dead          Necr           N/A          2%          4    ####...
c - Vampiric Draining     Necr           #####.....   1%          3    ###....


Dungeon Overview and Level Annotations

Branches:
Dungeon (3/15)

Altars:
The Shining One

Annotations:
D:3 Sigmund


Innate Abilities, Weirdness & Mutations

You have sharp fingernails.


Message History

Aim: Sigmund, wielding a scythe and wearing a robe (grey smoke, lightly wounded, chance to defeat MR: 89%) Sigmund writhes in agony!
Sigmund hits you from afar with a scythe!
* * * LOW HITPOINT WARNING * * *
Casting: Pain
Confirm with . or Enter, or press ? or * to list all spells.
Aiming: Pain
Press: ? - help, Shift-Dir - straight line, f/p - Sigmund
Aim: Sigmund, wielding a scythe and wearing a robe (grey smoke, moderately wounded, chance to defeat MR: 89%) Sigmund writhes in agony!
Sigmund hits you from afar with a scythe.
* * * LOW HITPOINT WARNING * * *
Casting: Pain
Confirm with . or Enter, or press ? or * to list all spells.
Aiming: Pain
Press: ? - help, Shift-Dir - straight line, f/p - Sigmund
Aim: Sigmund, wielding a scythe and wearing a robe (heavily wounded, chance to defeat MR: 89%) Sigmund writhes in agony!
Sigmund hits you from afar with a scythe.
You die...

.####. .....# ....#.##....###
..............############
.........##.#.#..........#
#.#.#..........#..###.#####.###
#.#.#.#.......§....###.#.......
#.#.#........§.#.### #...##.###
#....######.##§#§## ##.####.# #
....# #.@§@§§.###.#####.# #
#..(# ###§§###..........# #
#...# #§§§§...######### # #...#
#§§§###.#### # #...#
#..#.......####
####...########.......#.....#
........(.....#.##....#.....#
................#...........#
##
..............###...###.....#
#.


You could see Sigmund.

Vanquished Creatures
  Jessica (D:3)
  A gnoll (D:1)
  3 adders (D:2)
  An ooze (D:1)
  A worm (D:2)
  6 giant geckos
  3 giant cockroaches
  3 goblins
  5 hobgoblins
  2 jackals (D:2)
  3 kobolds (D:2)
  A ball python (D:2)
  4 bats
  3 giant newts
  6 rats
43 creatures vanquished.

Vanquished Creatures (collateral kills)
  2 giant newts
  A rat (D:3)
3 creatures vanquished.

Grand Total: 46 creatures vanquished

Notes
Turn   | Place    | Note
-------+----------+-------------------------------------------
     0 | D:1      | IVIUSE the Demonspawn Necromancer began the quest for the Orb.
     0 | D:1      | Reached XP level 1. HP: 13/13 MP: 3/3
     3 | D:1      | Noticed an electric eel
    14 | D:1      | Noticed an electric eel
   137 | D:1      | Gained mutation: You have sharp fingernails. [demonic ancestry]
   137 | D:1      | Reached XP level 2. HP: 10/19 MP: 3/5
   312 | D:1      | Learned a level 1 spell: Animate Skeleton
   358 | D:1      | Reached skill level 5 in Necromancy
   640 | D:1      | Reached XP level 3. HP: 22/24 MP: 1/6
  1296 | D:2      | Reached XP level 4. HP: 25/30 MP: 3/8
  1457 | D:2      | Learned a level 4 spell: Animate Dead
  1461 | D:2      | Learned a level 3 spell: Vampiric Draining
  1517 | D:3      | Found a glowing golden altar of the Shining One.
  1855 | D:3      | Noticed Jessica
  1860 | D:3      | Noticed Sigmund
  1864 | D:3      | Killed Jessica
  1903 | D:3      | Slain by Sigmund

Vault maps used:
D:1:      arrival_aquarium_b, minmay_misc_feat_diagonals
D:3:      old_standard_altar, first_bread, uniq_terence, uniq_sigmund,
          uniq_jessica

Skill      XL: |  1  2  3  4 |
---------------+-------------+-----
Necromancy     | 5 |  5.5
Spellcasting   | 3 |  3.5
Stealth        | 2 |  2.0
Dodging        | |  1.8

Action                   |  1- 3 |  4- 6 || total
-------------------------+-------+-------++-------
 Cast: Pain              |    56 |    26 ||    82
       Animate Skeleton  |    12 |     1 ||    13
       Animate Dead      |       |     2 ||     2
       Vampiric Draining |       |     1 ||     1
  Use: Scroll            |       |     9 ||     9
       Potion            |       |     6 ||     6
  Eat: Chunk             |     2 |       ||     2
       Meat ration       |       |     1 ||     1
       Fruit             |       |     1 ||     1
Armor: Robe              |     2 |     1 ||     3
Dodge: Dodged            |     9 |     7 ||    16
